 Dungeon Crawl Stone Soup version 0.18-a0-1692-g516f9e9 (webtiles) character file.

123 Yawgmoth the Digger (level 5, -8/38 HPs)
             Began as a Formicid Earth Elementalist on Apr 5, 2016.
             Mangled by Arantyr's ghost (14 damage)
             ... on level 3 of the Dungeon.
             The game lasted 00:17:25 (3196 turns).

Yawgmoth the Digger (Formicid Earth Elementalist)   Turns: 3196, Time: 00:17:25

Health: -8/38      AC:  6    Str: 13    XL:     5   Next: 29%
Magic:  5/9        EV:  9    Int: 15    God:
Gold:   143        SH:  0    Dex: 11    Spells: 1 memorised, 9 levels left

rFire  . . .     SeeInvis +     b - 86 stones
rCold  + . .     Gourm    .     n - +0 scale mail
rNeg   . . .     Faith    .     (no shield)
rPois  .         Spirit   .     (helmet unavailable)
rElec  .         Dismiss  .     (no cloak)
rCorr  .         Reflect  .     (no gloves)
SustAt .         Harm     .     (no boots)
MR     .....                    (no amulet)
Stlth  +.........               (no ring)
                                h - ring of protection from cold

@: very slightly contaminated, not resistant to hostile enchantments, very
unstealthy
A: permanent stasis, dig shafts and tunnels, four strong arms, antennae 3
a: Dig, Shaft Self


You were on level 3 of the Dungeon.
You were hungry.

You visited 1 branch of the dungeon, and saw 3 of its levels.

You collected 143 gold pieces.

Inventory:

Hand Weapons
 e - a +0 short sword
 o - a +0 quarterstaff
 p - a +0 flail
 A - a +0 short sword of venom
 C - a +0 greatsling
Missiles
 b - 86 stones (in hand)
 l - a throwing net
Armour
 a - a +0 robe
 n - a +0 scale mail (worn)
Jewellery
 h - a ring of protection from cold (left hand)
Scrolls
 g - 4 scrolls of identify {unknown}
 i - a scroll of enchant armour {unknown}
 j - 2 scrolls of recharging {unknown}
 s - a scroll of fog {unknown}
 t - a scroll of amnesia {unknown}
 u - a scroll of remove curse {unknown}
 y - 2 scrolls of magic mapping {unknown}
Potions
 k - 2 potions of ambrosia {unknown}
 q - 2 potions of curing {unknown}
 v - a potion of agility {unknown}
 z - a potion of haste {unknown}
 B - a potion of degeneration {unknown}
Books
 c - a book of Geomancy

   Spells                             Type                      Level
   a - Sandblast                      Earth                        1
   b - Passwall                       Transmutation/Earth          2
   c - Stone Arrow                    Conjuration/Earth            3
   d - Petrify                        Transmutation/Earth          4
   e - Lee's Rapid Deconstruction     Earth                        5
Comestibles
 d - 3 bread rations
 f - 2 meat rations
 m - a royal jelly
 r - a slice of pizza
 x - 4 fruits


   Skills:
 + Level 2.2 Fighting
 + Level 0.6 Staves
 - Level 1.8 Dodging
 - Level 3.2 Stealth
 + Level 3.1 Spellcasting
   Level 1.1 Transmutations
 + Level 4.8 Earth Magic


You had 9 spell levels left.
You knew the following spells:

 Your Spells              Type           Power        Failure   Level  Hunger
a - Sandblast             Erth           ###...       14%         1    #......


Dungeon Overview and Level Annotations

Branches:
Dungeon (3/15)

Altars:
Elyvilon
Kikubaaqudgha
Okawaru
Pakellas
Xom
Zin

Annotations:
D:3 Arantyr's ghost, amateur HEFi


Innate Abilities, Weirdness & Mutations

You are under a permanent stasis effect.
You can dig through walls and to a lower floor.
Your four strong arms can wield two-handed weapons with a shield.
You have a pair of large antennae on your head (SInv).


Message History

Aim: Arantyr's ghost, wielding a weapon of electrocution (lightly damaged)
The rocky blast hits Arantyr's ghost.
Arantyr's ghost is lightly damaged.
Arantyr's ghost shrieks, "Very impressive.
But it won't help.
Nothing will."
Arantyr's ghost hits you!
Casting: Sandblast
Confirm with . or Enter, or press ? or * to list all spells.
Aiming: Sandblast
Press: ? - help, Shift-Dir - straight line, f/p - Arantyr's ghost
Aim: Arantyr's ghost, wielding a weapon of electrocution (lightly damaged)
The rocky blast hits Arantyr's ghost.
Arantyr's ghost is lightly damaged.
Arantyr's ghost hits you.
Are you sure you want to shaft yourself?
You are feeling hungry.
Arantyr's ghost sneers, "Do you call that fighting?"
Arantyr's ghost hits you!
* * * LOW HITPOINT WARNING * * *
You are electrocuted!
You die...

..# #.#.# #.########
#....... ..# #.#.# #.#
###### #....... ### #...#
#.# #....####.......
#####.###.#
#'##...##.......
#.........#
#.≈###.##.......
#.####.####
###.≈≈≈#..........
#.######.#...≈###........
#.#....#.###♣.# #........
{ #.# #..@..##'#
#.......#


PP. #.W......# #.......# ≈♣≈.. #..####### #.......# .♣≈≈..((..# #.......# ..
P≈.....## ##<...... .. ....... #########..##### #. .......## #..........#....
.(... #...######.#.### ####...###....#.#.. You could see Arantyr's ghost.

Vanquished Creatures
  An orc priest (D:3)
  3 adders (D:3)
  2 worms
  2 dart slugs
  3 giant geckos
  3 orcs (D:3)
  A giant cockroach (D:1)
  3 goblins
  8 hobgoblins
  2 jackals (D:1)
  8 kobolds
  2 quokkas
  5 bats
  3 giant newts
  9 rats
55 creatures vanquished.

Notes
Turn   | Place    | Note
--------------------------------------------------------------
     0 | D:1      | Yawgmoth the Formicid Earth Elementalist began the quest for the Orb.
     0 | D:1      | Reached XP level 1. HP: 13/13 MP: 3/3
   177 | D:1      | Reached skill level 4 in Earth Magic
   293 | D:1      | Reached XP level 2. HP: 15/19 MP: 0/5
   930 | D:1      | Reached XP level 3. HP: 22/25 MP: 3/6
   931 | D:1      | Reached skill level 1 in Fighting
  2173 | D:3      | Reached XP level 4. HP: 25/32 MP: 3/7
  2436 | D:3      | Reached XP level 5. HP: 31/38 MP: 0/9
  2835 | D:3      | Found a shimmering altar of Xom.
  2836 | D:3      | Found a white marble altar of Elyvilon.
  2838 | D:3      | Found an iron altar of Okawaru.
  2839 | D:3      | Found an oddly glowing altar of Pakellas.
  2840 | D:3      | Found a glowing silver altar of Zin.
  2841 | D:3      | Found an ancient bone altar of Kikubaaqudgha.
  3186 | D:3      | Noticed Arantyr's ghost (amateur HEFi)
  3196 | D:3      | Mangled by Arantyr's ghost

Vault maps used:
D:1:      dpeg_arrival_prison, hangedman_decor_opposing, minmay_misc_feat_roman
D:3:      grunt_temple_overflow_open, kennysheep_nondescript, st_stairs_10,
          minivault_5, moated_statue, minmay_misc_feat_chi, grunt_ministairs_10,
          serial_park_tiny_1, serial_bayou_pond_d

Skill      XL: |  1  2  3  4 |
---------------+-------------+-----
Earth Magic    | 4 |  4.8
Fighting       | 1 2 |  2.2
Stealth        | 3 |  3.2
Spellcasting   | 3 |  3.1
Staves         | |  0.6
Dodging        | |  1.8
Transmutations | |  1.1

Action                   |  1- 3 |  4- 6 || total
-------------------------+-------+-------++-------
Melee: Short sword       |    39 |       ||    39
       Flail             |    30 |       ||    30
       Quarterstaff      |       |    29 ||    29
 Fire: Greatsling        |       |     5 ||     5
 Cast: Sandblast         |    42 |    28 ||    70
 Abil: Dig               |     1 |       ||     1
       Shaft Self        |       |     1 ||     1
  Eat: Chunk             |     4 |     4 ||     8
